 Dungeon Crawl Stone Soup version 0.29.0-13-gc9e81de378 (webtiles) character file.

Game seed: 4623809814361730151

923 RascalDebosk the Chopper (level 7, -9/94 HPs)
             Began as a Minotaur Berserker on Sept 10, 2022.
             Was a Priest of Trog.
             Mangled by a two-headed ogre
             ... wielding a +0 giant club
              (22 damage)
             ... on level 5 of the Dungeon.
             The game lasted 00:22:49 (4702 turns).

RascalDebosk the Chopper (Minotaur Berserker)       Turns: 4702, Time: 00:22:49

Health: -9/94      AC: 15    Str: 21    XL:     7   Next: 84%
Magic:  6/6        EV:  7    Int:  6    God:    Trog [***...]
Gold:   217        SH:  0    Dex: 10    Spells: 6/6 levels left

rFire   . . .      SeeInvis .   a - +1 hand axe (spect)
rCold   . . .      Faith    .   (no shield)
rNeg    . . .      Spirit   .   f - +0 plate armour
rPois   .          Reflect  .   (helmet restricted)
rElec   .          Harm     .   p - +1 cloak {Will+}
rCorr   .          Rampage  .   (no gloves)
Will    +....                   v - +0 pair of boots
Stlth   ..........              (no amulet)
HPRegen 0.25/turn               m - ring of flight
MPRegen 0.10/turn               (no ring)

@: berserking (expiring), flying, very quick
A: horns 2, retaliatory headbutt
a: Renounce Religion, Berserk, Trog's Hand


You were on level 5 of the Dungeon.
You worshipped Trog.
Trog was most pleased with you.
You visited 1 branch of the dungeon, and saw 5 of its levels.

You collected 217 gold pieces.

Inventory:

Hand Weapons
 a - a +1 spectral hand axe (weapon)
 q - a +0 hammer of protection
Missiles
 e - 4 boomerangs
 g - 5 poisoned darts (quivered)
 s - 6 atropa-tipped darts
Armour
 f - a +0 plate armour (worn)
 p - a +1 cloak of willpower (worn)
 v - a +0 pair of boots (worn)
Jewellery
 m - a ring of flight (left hand)
Scrolls
 b - a scroll of identify
 d - a scroll of amnesia {unknown}
 h - a scroll of magic mapping {unknown}
 i - a scroll of enchant armour {unknown}
 k - a scroll of torment
 t - a scroll of noise {unknown}
 u - a scroll of teleportation {unknown}
 w - a scroll of enchant weapon
 x - a scroll of acquirement {unknown}
Potions
 c - a potion of attraction {unknown}
 j - a potion of haste {unknown}
 l - 3 potions of heal wounds
 n - 2 potions of might {unknown}
 o - a potion of curing {unknown}


   Skills:
 + Level 6.0 Fighting
 + Level 6.0 Axes
 + Level 3.6 Throwing
 + Level 5.3 Armour
 - Level 2.1 Dodging
 + Level 3.4 Evocations


You had 6 spell levels left.
You didn't know any spells.
Your spell library was empty.

Dungeon Overview and Level Annotations

Branches:
Dungeon (5/15)
 Temple: D:4-7

Altars:
Kikubaaqudgha
Nemelex Xobeh
Ru


Innate Abilities, Weirdness & Mutations

You have a pair of horns on your head.
You reflexively headbutt those who attack you in melee.


Message History

Your Axes skill increases to level 6!
You see here a +0 shortbow.
You closely miss the ufetubus. You headbutt the ufetubus.
You kill the ufetubus!
Trog accepts your kill.
An adder comes into view.
The adder hisses angrily.
You hit the adder but do no damage. The adder completely misses you.
You furiously retaliate!
You headbutt the adder. You closely miss the adder.
Your headbutt misses the adder.
The adder is heavily wounded.
The adder barely misses you. You furiously retaliate!
You headbutt the adder. The adder bites you but does no damage.
You hit the adder.
You kill the adder!
Trog accepts your kill.
You see here an adder corpse.
A red film seems to cover your vision as you go berserk!
You feel yourself moving faster!
You feel mighty!
The two-headed ogre hits you with a +0 giant club! x2
You barely miss the two-headed ogre. You barely miss the two-headed ogre.
You slash the two-headed ogre!
The two-headed ogre is moderately wounded.
The two-headed ogre hits you with a +0 giant club!!
The two-headed ogre barely misses you.
You slash the two-headed ogre!
The two-headed ogre is heavily wounded.
You barely miss the two-headed ogre. You headbutt the two-headed ogre!
The two-headed ogre is severely wounded.
The two-headed ogre hits you with a +0 giant club!
The two-headed ogre hits you with a +0 giant club!!
* * * LOW HITPOINT WARNING * * *
You are too berserk!
You hit the two-headed ogre.
The two-headed ogre is almost dead.
You slash the two-headed ogre!
The two-headed ogre is almost dead.
The two-headed ogre hits you with a +0 giant club!!
You die...

.......#####.##
..............#
..............#
..............#
.......########
..#.####....#####
###.# #.####.#)$#
<...# #.# #.#[O###
##>.# #|# #.###@.#
##..# #.####.###..#
....####..#.##..###
##....##..#)##..###
##..#####†#.####..#
....['..§.#.####†.#
##...#.88.##....###
#...#.88.#######
#...#....#


You could see a two-headed ogre.

Vanquished Creatures
  An ice beast (D:5)
  A centaur (D:5)
  2 ogres (D:5)
  A necrophage (D:5)
  3 scorpions
  A jelly (D:5)
  An orc priest (D:3)
  Crazy Yiuf (D:3)
  An iguana (D:5)
  Natasha (D:3)
  Robin (D:4)
  3 gnolls (D:4)
  6 adders
  A white imp (D:5)
  2 ufetubi (D:5)
  A worm (D:2)
  2 dart slugs
  9 orcs
  6 endoplasms
  A giant cockroach (D:1)
  11 goblins
  11 hobgoblins
  A kobold (D:1)
  3 quokkas
  5 ball pythons
  7 bats
  3 frilled lizards
  4 rats
90 creatures vanquished.

Vanquished Creatures (others)
  An endoplasm (D:1)
  A kobold (D:1)
  A rat (D:1)
3 creatures vanquished.

Grand Total: 93 creatures vanquished

Notes
Turn   | Place    | Note
-------+----------+-------------------------------------------
     0 | D:1      | RascalDebosk the Minotaur Berserker began the quest for the
                  | Orb.
     0 | D:1      | Reached XP level 1. HP: 19/19 MP: 0/0
   197 | D:1      | Reached XP level 2. HP: 22/27 MP: 1/1
   576 | D:1      | Reached skill level 1 in Throwing
  1323 | D:2      | Reached XP level 3. HP: 33/33 MP: 2/2
  1337 | D:2      | Reached ** piety under Trog
  1545 | D:2      | Reached skill level 1 in Evocations
  1884 | D:3      | Reached XP level 4. HP: 40/40 MP: 3/3
  1892 | D:3      | Found a sparkling altar of Nemelex Xobeh.
  1946 | D:3      | Noticed Natasha
  1957 | D:3      | Killed Natasha
  2552 | D:3      | Found a runed translucent door.
  2553 | D:3      | Noticed Crazy Yiuf
  2562 | D:3      | Killed Crazy Yiuf
  2948 | D:4      | Reached XP level 5. HP: 47/47 MP: 4/4
  3241 | D:4      | Noticed Robin
  3250 | D:4      | Killed Robin
  3251 | D:4      | Reached XP level 6. HP: 55/55 MP: 5/5
  3909 | D:5      | Entered Level 5 of the Dungeon
  3913 | D:5      | Found a sacrificial altar of Ru.
  3918 | D:5      | Reached skill level 5 in Fighting
  3918 | D:5      | Reached skill level 5 in Axes
  3952 | D:5      | Reached *** piety under Trog
  4071 | D:5      | Noticed an ice beast
  4083 | D:5      | Killed an ice beast
  4084 | D:5      | Reached XP level 7. HP: 52/61 MP: 6/6
  4139 | D:5      | Found an ancient bone altar of Kikubaaqudgha.
  4567 | D:5      | Reached skill level 5 in Armour
  4666 | D:5      | Noticed a two-headed ogre
  4702 | D:5      | Mangled by a two-headed ogre

Illustrated notes

Levels and vault maps discovered:
D:1:      roderic_octagonal_star, layout_basic, lemuel_flame_loot_1
D:2:      layout_basic, minmay_misc_feat_nine_boxes
D:3:      layout_basic, lemuel_round_altar, uniq_crazy_yiuf_cottage,
          uniq_natasha
D:4:      layout_basic, uniq_robin
D:5:      minmay_chambers_of_fours, layout_loops_cross, pf_just_have_faith,
          hangedman_feature_mirror, minmay_splitting_lines

Skill      XL: |  1  2  3  4  5  6  7 |
---------------+----------------------+-----
Throwing       | 1 2 3 |  3.6
Fighting       | 4 5 6 |  6.0
Axes           | 4 5 6 |  6.0
Evocations     | 1 2 3 |  3.4
Armour         | 3 4 5 |  5.3
Dodging        | |  2.1

Action                   |  1- 3 |  4- 6 |  7- 9 || total
-------------------------+-------+-------+-------++-------
Melee: Hand axe          |    72 |   108 |    41 ||   221
       Headbutt          |    13 |    12 |    11 ||    36
       Punch             |       |     1 |     2 ||     3
Invok: Berserk           |       |     3 |     2 ||     5
  Use: Scroll            |       |     5 |     4 ||     9
Armor: Ring mail         |    15 |       |       ||    15
       Plate armour      |    18 |    68 |    31 ||   117
Dodge: Dodged            |    38 |    26 |    20 ||    84
